 Dungeon Crawl Stone Soup version 0.31-a0-185-g9dded2c639 (webtiles) character file.

Game seed: 9547421006474177620

88 qw the Shooter (level 4, -8/25 HPs)
             Began as a Deep Elf Hunter on June 22, 2023.
             Mangled by an orc
             ... wielding a +1 hand axe of electrocution
              (15 damage)
             ... on level 4 of the Dungeon.
             The game lasted 00:00:55 (2297 turns).

qw the Shooter (Deep Elf Hunter)                    Turns: 2297, Time: 00:00:56

Health: -8/25      AC:  6    Str: 10    XL:     4   Next: 29%
Magic:  6/6        EV: 11    Int: 14    God:
Gold:   209        SH:  0    Dex: 18    Spells: 3/3 levels left

rFire   . . .        Y - +1 shortbow
rCold   . . .        (shield currently unavailable)
rNeg    . . .        g - +0 ring mail
rPois   .            (no helmet)
rElec   .            (no cloak)
rCorr   .            a - +0 pair of gloves
SInv    .            (no boots)
Will    .....        (no amulet)
Stlth   +            (no ring)
HPRegen 0.24/turn    (no ring)
MPRegen 0.10/turn

%: no passive effects
@: no status effects
A: no striking features
a: no special abilities


You were on level 4 of the Dungeon.
You visited 1 branch of the dungeon, and saw 4 of its levels.

You collected 209 gold pieces.


   Skills:
 - Level 1.5 Fighting
 + Level 7.7 Ranged Weapons
 - Level 2.4 Dodging
 - Level 1.2 Stealth


You had 3 spell levels left.
You didn't know any spells.
Your spell library was empty.

Inventory:

Hand Weapons
 Y - a +1 shortbow (weapon)
Armour
 a - a +0 pair of gloves (worn)
 b - a +0 cloak
 g - a +0 ring mail (worn)
Scrolls
 c - a scroll of fear {unknown}
 d - a scroll of identify
Potions
 e - a potion of heal wounds {unknown}
 f - a potion of might {unknown}

Dungeon Overview and Level Annotations

Branches:
Dungeon (4/15)
 Temple: D:4-7

Altars:

Annotations:
D:3 2 runed translucent doors, qw's ghost, amateur NaHu


Message History

The orc wizard flickers and vanishes!
Deactivating autopickup; reactivate with Ctrl-A.
You shoot an arrow. The arrow hits the giant cockroach!
You kill the giant cockroach!
You shoot an arrow. The arrow barely misses the orc.
The orc hits you but does no damage.
You shoot an arrow. The arrow hits the orc!
You kill the orc!
You shoot an arrow.
The arrow hits the orc but does no damage.
You shoot an arrow.
The arrow hits the orc but does no damage.
The quokka closely misses you.
The orc hits you with a +1 hand axe of electrocution.
You shoot an arrow.
The arrow hits the orc but does no damage.
The quokka bites you but does no damage.
The orc hits you but does no damage.
You shoot an arrow. The arrow closely misses the orc.
The quokka barely misses you.
The orc hits you with a +1 hand axe of electrocution.
Something hits you but does no damage. The orc barely misses you.
You shoot an arrow. The arrow closely misses the orc.
The quokka misses you. Something hits you but does no damage.
The orc closely misses you. The orc hits you but does no damage.
The quokka misses you.
You shoot an arrow. The arrow barely misses the orc.
The quokka bites you. The orc hits you but does no damage. Something hits you.
The orc hits you with a +0 dagger.
You shoot an arrow.
The arrow hits the orc but does no damage.
The quokka barely misses you. The orc barely misses you.
Something hits you but does no damage.
The orc hits you with a +1 hand axe of electrocution.
The quokka closely misses you.
You shoot an arrow. The arrow closely misses the orc.
The orc hits you but does no damage. Something hits you but does no damage.
The orc hits you but does no damage.
You are electrocuted!
Ouch! That really hurt!
You die...

...... .......
#########........
............[....
................
..............).
......o{....?#
......o@.....+
......r......# ...
.............####...
...##+###...........
.. #........... .
#...........
#...........
#...%(......
#...........


You could see 2 orcs and a quokka.

Vanquished Creatures
  2 adders (D:2)
  A worm (D:4)
  A dart slug (D:1)
  2 orcs
  9 ball pythons
  10 bats
  3 endoplasms
  3 giant cockroaches
  6 goblins
  5 hobgoblins
  7 jackals
  A quokka (D:1)
  2 frilled lizards (D:3)
  2 kobolds
  6 rats
60 creatures vanquished.

Notes
Turn   | Place    | Note
-------+----------+-------------------------------------------
     0 | D:1      | qw the Deep Elf Hunter began the quest for the Orb.
     0 | D:1      | Reached XP level 1. HP: 12/12 MP: 3/3
     0 | D:1      | 0 ||| qw: Version: 0.3-a-9-g12657ce
     0 | D:1      | 0 ||| qw: Game counter: 1897
     0 | D:1      | 0 ||| qw: Always use a shield: true
     0 | D:1      | 0 ||| qw: God list: Okawaru
     0 | D:1      | 0 ||| qw: Allow faded altars: false
     0 | D:1      | 0 ||| qw: Do Orc after D:15 true
     0 | D:1      | 0 ||| qw: Do second Lair branch before Depths: true
     0 | D:1      | 0 ||| qw: Lair rune preference: random
     0 | D:1      | 0 ||| qw: Plans: Normal
     0 | D:1      | 0 ||| PLANNING D:1-11
   284 | D:1      | Reached XP level 2. HP: 16/16 MP: 4/4
   348 | D:1      | Reached skill level 6 in Ranged Weapons
   638 | D:1      | 638 ||| UPGRADING to +0 scale mail.
   648 | D:1      | 648 ||| DROPPING +0 leather armour.
   649 | D:1      | 649 ||| UPGRADING to +0 ring mail.
   659 | D:1      | 659 ||| DROPPING +0 scale mail.
   660 | D:1      | 660 ||| READING scroll labelled MIREYC JEABUTIOR.
   661 | D:1      | 661 ||| READING scroll labelled IRAESTR AMED.
   662 | D:1      | 662 ||| READING scroll labelled VUVEDU RURA HALAO.
   663 | D:1      | 663 ||| DROPPING scroll of butterflies.
   747 | D:2      | Reached XP level 3. HP: 20/20 MP: 5/5
   855 | D:2      | Reached skill level 7 in Ranged Weapons
  1327 | D:2      | 1327 ||| UPGRADING to +0 pair of gloves.
  1332 | D:2      | 1332 ||| READING scroll labelled CINIRELYZU.
  1333 | D:2      | 1333 ||| READING scroll labelled KAZUQUNEUZ.
  1372 | D:2      | 1372 ||| READING scroll labelled UHAGESME UDAAX.
  1373 | D:2      | 1373 ||| READING scroll labelled OKHAJENNEOZU.
  1374 | D:2      | 1374 ||| DRINKING 2 lumpy coppery potions.
  1375 | D:2      | 1375 ||| DROPPING potion of magic.
  1598 | D:3      | Found a runed translucent door.
  1636 | D:3      | Reached XP level 4. HP: 25/25 MP: 6/6
  1784 | D:3      | Found a runed translucent door.
  1786 | D:3      | Noticed qw's ghost (amateur NaHu)
  2001 | D:3      | 2001 ||| READING scroll labelled UNGUCL BABAE.
  2002 | D:3      | 2002 ||| READING scroll labelled RIOL CASTAIRIS.
  2003 | D:3      | 2003 ||| READING 2 scrolls of identify.
  2003 | D:3      | 2003 ||| IDENTIFYING silvery potion
  2004 | D:3      | 2004 ||| DROPPING potion of attraction.
  2006 | D:3      | 2006 ||| Stepping ~*~*~tactically~*~*~ (cloud).
  2297 | D:4      | Mangled by an orc

Levels and vault maps discovered:
D:1:      dpeg_arrival_three_smaller_balls, layout_basic, minmay_misc_feat_tiny,
          hangedman_decor_opposing, minmay_circled_x
D:2:      layout_basic, minmay_misc_feat_columns
D:3:      layout_loops_ring, ebering_ghost_sewer_f
D:4:      layout_gridville, gammafunk_ghost_cemetery, grunt_tough_drop

Skill      XL: |  1  2  3 |
---------------+----------+-----
Ranged Weapons | 6 7 |  7.7
Fighting       | |  1.5
Dodging        | |  2.4
Stealth        | |  1.2

Action                     |  1- 3 |  4- 6 || total
---------------------------+-------+-------++-------
   Fire: Shortbow          |   125 |    41 ||   166
    Use: Scroll            |     7 |     3 ||    10
         Potion            |     1 |       ||     1
 Armour: Leather armour    |     9 |       ||     9
         Ring mail         |     9 |    14 ||    23
  Dodge: Dodged            |    38 |    10 ||    48

Table legend:
 A = Non-vault XP
 B = Vault XP
 C = Vault XP percentage of total XP
 D = Non-vault monster count
 E = Vault monster count
 F = Vault count percentage of total count
                 A         B        C        D         E       F
            +---------+---------+-------+---------+---------+-------
      Total |     118 |       8 |   6.3 |      56 |       4 |   6.7
            +---------+---------+-------+---------+---------+-------
        D:1 |      29 |       8 |  21.6 |      17 |       4 |  19.0
        D:2 |      37 |       0 |   0.0 |      10 |       0 |   0.0
        D:3 |      33 |       0 |   0.0 |      21 |       0 |   0.0
        D:4 |      19 |       0 |   0.0 |       8 |       0 |   0.0
            +---------+---------+-------+---------+---------+-------
